 Dungeon Crawl Stone Soup version 0.31-a0-1074-g0b22e4e0f1 (webtiles) character file.

Game seed: 12121080190338731409

1747 tbh1313 the Basher (level 9, -2/111 (133) HPs)
             Began as an Ogre Berserker on Nov 30, 2023.
             Was a Priest of Trog.
             Slain by a wight
             ... wielding a +0 trident
              (11 damage)
             ... on level 6 of the Dungeon.
             The game lasted 00:13:00 (7070 turns).

tbh1313 the Basher (Ogre Berserker)                 Turns: 7070, Time: 00:13:00

HP:   -2/111 (133)  AC:  3    Str: 27    XL:     9   Next: 6%
MP:   9/9           EV: 15    Int:  8    God:    Trog [***...]
Gold: 314           SH:  0    Dex:  8    Spells: 8/8 levels left

rFire   . . .        a - +7 mace
rCold   . . .        (no shield)
rNeg    . . .        b - +0 animal skin
rPois   .            (helmet restricted)
rElec   .            (no cloak)
rCorr   .            (gloves unavailable)
SInv    .            (boots unavailable)
Will    .....        (no amulet) Stlth
                     r - +5 ring of evasion
HPRegen 0.38/turn    (no ring)
MPRegen 0.11/turn

%: no passive effects
@: berserking, marked, studying Throwing, heavily drained, very quick
A: large, unfitting armour, tough skin 1
a: Renounce Religion, Berserk, Trog's Hand


You were on level 6 of the Dungeon.
You worshipped Trog.
Trog was most pleased with you.
You visited 1 branch of the dungeon, and saw 6 of its levels.
You also visited: Sewer.

You collected 314 gold pieces.

Inventory:

Hand Weapons
 a - a +7 mace (weapon)
 s - a +0 giant spiked club
Armour
 b - a +0 animal skin (worn)
Jewellery
 i - a ring of fire
 n - a ring of fire
 q - a ring of ice
 r - a +5 ring of evasion (left hand)
Wands
 k - a wand of mindburst (3)
Scrolls
 d - 2 scrolls of torment
 e - 2 scrolls of revelation
 j - 2 scrolls of identify
 p - a scroll of blinking
Potions
 f - a potion of lignification
 g - 6 potions of haste
 h - 2 potions of invisibility
 l - 3 potions of curing
 m - a potion of resistance
 o - a potion of mutation


   Skills:
 - Level 6.0 Fighting
 + Level 10.3 Maces & Flails
 - Level 2.6 Dodging


You had 8 spell levels left.
You didn't know any spells.
Your spell library contained the following spells:

 Spells                   Type           Power      Damage    Failure   Level
 Freeze                   Ice            0%         1d3       41%         1
 Blink                    Tloc           0%         N/A       54%         2
 Cigotuvi's Dreadful Rot  Necr/Pois/Air  0%         N/A       54%         2
 Lesser Beckoning         Tloc           0%         N/A       54%         2
 Momentum Strike          Conj/Tloc      0%         3d8       54%         2
 Frozen Ramparts          Ice            0%         1d1       78%         3
 Hailstorm                Conj/Ice       0%         3d3       78%         3
 Ignite Poison            Fire/Tmut/Pois 0%         N/A       78%         3
 Freezing Cloud           Conj/Ice/Air   0%         6-21      100%        5


Dungeon Overview and Level Annotations

Branches:
Dungeon (6/15)             Temple (0/1) D:4           Sewer (visited)

Altars:
Dithmenos
Nemelex Xobeh
Sif Muna
Trog
Yredelemnul
Zin

Shops:
D:4 *


Innate Abilities, Weirdness & Mutations

You are too large for most types of armour.
You have tough skin. (AC +1)


Message History

The wight hits you from afar with a +0 trident!
You hit the wight.
The wight is lightly damaged.
You sock the wight!
The wight is heavily damaged.
The wight hits you from afar with a +4 spear!
The wight misses you. The wight barely misses you.
You closely miss the wight.
The wight is heavily damaged.
The wight hits you from afar with a +4 spear!
The wight hits you from afar with a +0 trident!
You hit the wight.
The wight is moderately damaged.
You bludgeon the wight!!
You destroy the wight!
Trog accepts your kill.
The wight hits you from afar with a +4 spear!
You feel drained.
The wight hits you from afar with a +0 trident!
You feel drained.
You hit the wight.
The wight is severely damaged.
The wight hits you from afar with a +4 spear!
You feel drained. The wight hits you with a +1 battleaxe!
* * * LOW HITPOINT WARNING * * *
The wight hits you from afar with a +0 trident!
* * * LOW HITPOINT WARNING * * *
You feel drained.
* * * LOW HITPOINT WARNING * * *
You hit the wight.
The wight is almost destroyed.
You bludgeon the wight!!
You destroy the wight!
Trog accepts your kill.
The wight hits you from afar with a +4 spear!
* * * LOW HITPOINT WARNING * * *
You feel drained.
* * * LOW HITPOINT WARNING * * *
The wight hits you from afar with a +0 trident!
You die...

..#......#...#.........#
###..>...##+##.........#
...................#####
...............<...#
...................#
...................#
#......#'#####.....#
#......#.....#.....#
#......#.....#..@.z#
#......#.....#..)......#
#......#.....#....z....#
.###'#########.........#
.#.....# #.........#
.#.....# #.........#
.####### #.........# ##
###########


You could see 2 wights.

Levels and vault maps discovered:
D:1:      tarquinn_simple_flora_water_b, layout_basic, palyth_stone_intersect,
          nicolae_wormholes
D:2:      cheibrodos_helix_gallery, layout_basic, basic_altar
D:3:      layout_basic, mainiacjoe_overflow_boulevard,
          ebering_ghost_reflecting_pool, basic_ecumenical_altar,
          minmay_misc_feat_plants
D:4:      layout_loops_corners, lemuel_coloured_pillars_altar,
          minmay_temple_entry_grid, gup_sewer_entry_bubbles,
          chequers_decorated_corner, nicolae_elemental_shop, st_stairs_14
D:5:      old_forge, layout_cave_pools, nicolae_dithmenos_shadow_blocks,
          mainiacjoe_overflow_surrounded_room, serial_column_ruins,
          column_ruins_hut, column_ruins_hut_pillars,
          column_ruins_corridor_dead_end, column_ruins_open_tiny,
          column_ruins_corridor_plus, column_ruins_open_tiny
D:6:      layout_gridville, zin_statuary

Notes
Turn   | Place    | Note
-------+----------+-------------------------------------------
     0 | D:1      | tbh1313 the Ogre Berserker began the quest for the Orb.
     0 | D:1      | Reached XP level 1. HP: 24/24 MP: 1/1
   159 | D:1      | Reached skill level 3 in Maces & Flails
   228 | D:1      | Reached XP level 2. HP: 22/32 MP: 2/2
   913 | D:2      | Reached XP level 3. HP: 39/39 MP: 3/3
  1074 | D:2      | Reached skill level 4 in Maces & Flails
  1726 | D:2      | Reached XP level 4. HP: 31/48 MP: 4/4
  1844 | D:2      | Found a sparkling altar of Nemelex Xobeh.
  2076 | D:3      | Reached ** piety under Trog
  2132 | D:3      | Found a runed translucent door.
  2222 | D:3      | Noticed ChaoticPyre's ghost (amateur DsSh)
  2236 | D:3      | Killed ChaoticPyre's ghost
  2237 | D:3      | Reached skill level 5 in Maces & Flails
  2237 | D:3      | Reached XP level 5. HP: 43/54 MP: 5/5
  2405 | D:3      | Found a basalt altar of Yredelemnul.
  2776 | D:3      | Found a faded altar of an unknown god.
  2833 | D:4      | Noticed a phantom
  2847 | D:4      | Killed a phantom
  2848 | D:4      | Reached skill level 6 in Maces & Flails
  2848 | D:4      | Reached XP level 6. HP: 63/63 MP: 6/6
  2914 | D:4      | Found a staircase to the Ecumenical Temple.
  3010 | D:4      | Found a glowing drain.
  3016 | Sewer    | Entered a sewer
  3188 | Sewer    | Reached skill level 5 in Fighting
  4071 | D:4      | Found a bloodstained altar of Trog.
  4394 | D:4      | Found Iqaxt's Elemental Accessories.
  4419 | D:5      | Entered Level 5 of the Dungeon
  4419 | D:5      | Noticed a black bear
  4430 | D:5      | Killed a black bear
  4431 | D:5      | Reached XP level 7. HP: 51/74 MP: 7/7
  4559 | D:5      | Identified a scroll of acquirement
  4559 | D:5      | Acquired a manual of Throwing
  4574 | D:5      | Found a shadowy altar of Dithmenos.
  5043 | D:5      | Reached skill level 7 in Maces & Flails
  5138 | D:5      | Found a shimmering blue altar of Sif Muna.
  5154 | D:5      | Reached *** piety under Trog
  5565 | D:5      | Reached XP level 8. HP: 37/83 MP: 8/8
  5723 | D:5      | Reached skill level 8 in Maces & Flails
  6227 | D:6      | Reached skill level 9 in Maces & Flails
  6635 | D:6      | Reached skill level 10 in Maces & Flails
  6866 | D:6      | Reached XP level 9. HP: 80/84 MP: 9/9
  6914 | D:6      | Found a glowing silver altar of Zin.
  7070 | D:6      | HP: 10/114 [wight/+4 spear (7)]
  7070 | D:6      | Slain by a wight

Table legend: (Time is in decaauts)
 A = Elapsed time spent in this place.
 B = Non-inter-level travel time spent in this place.
 C = Inter-level travel time spent in this place.
 D = Time resting spent in this place.
 E = Time spent auto-exploring this place.
 F = Levels seen in this place.
 G = Mean time per level.
                   A        B        C        D        E       F      G
               +--------+--------+--------+--------+--------+-----+--------+
         Total |   7158 |   6945 |    213 |   1742 |   4146 |   7 | 1022.6 |
       Dungeon |   6517 |   6304 |    213 |   1667 |   3746 |   6 | 1086.2 |
         Sewer |    640 |    640 |      0 |     75 |    400 |   1 |  640.0 |
               +--------+--------+--------+--------+--------+-----+--------+

Top non-repeatable levels by time:
     D:5: 1409 daAuts
     D:2: 1206 daAuts
     D:6: 1150 daAuts
     D:4: 1079 daAuts
     D:1: 885 daAuts
     D:3: 786 daAuts
   Sewer: 640 daAuts

Table legend:
 A = Kills in this place as a percentage of kills in the entire game.
 B = Kills by you in this place as a percentage of kills by you in the entire game.
 C = Kills by friends in this place as a percentage of kills by friends in the entire game.
 D = Other kills in this place as a percentage of other kills in the entire game.
 E = Experience gained in this place as a percentage of experience gained in the entire game.
 F = Experience gained in this place divided by the number of levels of this place that you have seen.
                   A       B       C       D       E      F
               +-------+-------+-------+-------+-------+----------------------
         Total | 100.0 | 100.0 |   N/A |   N/A | 100.0 | 367.3
       Dungeon |  87.0 |  87.0 |   N/A |   N/A |  96.5 | 413.5
         Sewer |  13.0 |  13.0 |   N/A |   N/A |   3.5 |  90.0
               +-------+-------+-------+-------+-------+----------------------

Action                     |  1- 3 |  4- 6 |  7- 9 || total
---------------------------+-------+-------+-------++-------
  Melee: Mace              |   124 |   172 |   185 ||   481
         Punch             |       |     2 |       ||     2
 Invoke: Berserk           |     1 |     2 |     5 ||     8
         Trog's Hand       |       |     1 |       ||     1
    Use: Scroll            |     5 |    13 |     4 ||    22
         Potion            |       |       |     1 ||     1
 Armour: Animal skin       |    78 |    94 |   126 ||   298
  Dodge: Dodged            |    45 |    91 |   121 ||   257

Vanquished Creatures
  The ghost of ChaoticPyre the Insei, an amateur DsSh (D:3)
  A water moccasin (D:6)
  2 black bears
  2 ogres (D:6)
  A phantom (D:4)
  A bullfrog (D:6)
  4 scorpions (D:5)
  7 wights (D:6)
  2 hounds
  3 jellies
  3 iguanas (D:5)
  11 adders
  3 river rats
  A shadow imp (D:5)
  4 ufetubi (D:5)
  7 worms
  2 dart slugs
  2 orcs
  8 ball pythons
  5 bats
  11 endoplasms
  5 giant cockroaches
  4 goblins
  8 hobgoblins
  A quokka (D:2)
  8 frilled lizards
  8 kobolds
  8 rats
123 creatures vanquished.
